 Dungeon Crawl Stone Soup version 0.21-a0-178-g0b87683 (webtiles) character file.

6092 tilp the Arsonist (level 10, -2/86 HPs)
             Began as a Hill Orc Fire Elementalist on Aug 9, 2017.
             Was an Elder of Okawaru.
             Slain by a minotaur
             ... wielding an uncursed staff of fire
              (3 damage)
             ... in a labyrinth.
             The game lasted 00:29:19 (9039 turns).

tilp the Arsonist (Hill Orc Fire Elementalist)      Turns: 9039, Time: 00:29:20

Health: -2/86      AC:  5    Str: 12    XL:     10   Next: 88%
Magic:  10/20      EV: 14    Int: 23    God:    Okawaru [****..]
Gold:   104        SH:  0    Dex: 11    Spells: 5/23 levels left

rFire    + . .     SeeInvis +   A - +8 quarterstaff of Distraction {flame, rPois}
rCold    x . .     Gourm    .   (shield currently unavailable)
rNeg     . . .     Faith    .   q - +2 robe {Archmagi}
rPois    +         Spirit   .   (helmet restricted)
rElec    .         Reflect  .   g - +0 cloak
rCorr    .         Harm     .   (no gloves)
MR       .....                  (no boots)
Stlth    ++........             (no amulet)
HPRegen  0.24/turn              s - ring of see invisible
MPRegen  0.17/turn              j - ring of fire

@: brilliant
A: horns 2
a: Heroism, Renounce Religion


You were in a labyrinth.
You worshipped Okawaru.
Okawaru was greatly pleased with you.
You were not hungry.

You visited 3 branches of the dungeon, and saw 11 of its levels.
You also visited: Labyrinth.

You collected 356 gold pieces.
You spent 252 gold pieces at shops.

Inventory:

Hand Weapons
 p - a +2 dagger of speed
 A - the +8 quarterstaff of Distraction (weapon) {flame, rPois}
   (You bought it in a shop on level 7 of the Dungeon)

   It has been specially enchanted to burn those struck by it, causing extra
   injury to most foes and up to half again as much damage against particularly
   susceptible opponents.
   It protects you from poison.
 O - a +1 dagger of electrocution
Missiles
 k - 4 javelins (quivered)
Armour
 g - a +0 cloak (worn)
 q - a +2 robe of the Archmagi (worn)
 M - a +0 shield
 N - a +1 leather armour of fire resistance
Magical Staves
 G - an uncursed staff of poison
Jewellery
 d - an uncursed ring of flight
 j - a ring of fire (right hand)
 s - a ring of see invisible (left hand)
Wands
 a - a wand of polymorph (8/24)
 o - a wand of polymorph (9/24)
 r - a wand of random effects (26/48)
 v - a wand of digging (9/24)
 C - a wand of lightning (7/15)
Scrolls
 f - 4 scrolls of recharging
 i - a scroll of remove curse
 m - a scroll of identify
 x - 2 scrolls of teleportation
 y - 2 scrolls of amnesia
 J - a scroll of brand weapon {unknown}
 K - a scroll of enchant armour
Potions
 e - a potion of agility {unknown}
 h - a potion of brilliance
 n - 2 potions of cancellation
 u - 3 potions of curing
 B - a potion of mutation {unknown}
 I - 2 potions of degeneration {unknown}
Books
 b - a book of Flames

   Spells                             Type                      Level
   a - Flame Tongue                   Conjuration/Fire             1
   b - Throw Flame                    Conjuration/Fire             2
   c - Conjure Flame                  Conjuration/Fire             3
   d - Inner Flame                    Hexes/Fire                   3
   e - Sticky Flame                   Conjuration/Fire             4
   f - Fireball                       Conjuration/Fire             5
 t - a book of Cantrips

   Spells                             Type                      Level
   a - Confusing Touch                Hexes                        1
   b - Animate Skeleton               Necromancy                   1
   c - Summon Small Mammal            Summoning                    1
   d - Apportation                    Translocation                1
 L - a book of Necromancy

   Spells                             Type                      Level
   a - Pain                           Necromancy                   1
   b - Animate Skeleton               Necromancy                   1
   c - Vampiric Draining              Necromancy                   3
   d - Regeneration                   Charms/Necromancy            3
   e - Animate Dead                   Necromancy                   4
   f - Control Undead                 Necromancy                   4
Comestibles
 c - 8 bread rations
 l - 7 royal jellies
 z - 2 meat rations


   Skills:
 - Level 7.2 Fighting
 - Level 5.3 Dodging
 - Level 1.5 Stealth
 - Level 7.2 Spellcasting
 * Level 8.8 Conjurations
 * Level 9.8 Fire Magic


You had 5 spell levels left.
You knew the following spells:

 Your Spells              Type           Power        Failure   Level  Hunger
a - Flame Tongue          Conj/Fire      #####        1%          1    None
b - Throw Flame           Conj/Fire      ######       1%          2    None
c - Conjure Flame         Conj/Fire      #######.     1%          3    None
d - Animate Skeleton      Necr           N/A          1%          1    None
e - Confusing Touch       Hex            ####..       1%          1    None
f - Apportation           Tloc           ####..       1%          1    None
g - Sticky Flame          Conj/Fire      #######.     1%          4    ###....
h - Fireball              Conj/Fire      #######...   1%          5    #####..


Dungeon Overview and Level Annotations

Branches:
Dungeon (9/15)             Temple (1/1) D:6            Lair (1/6) D:9
    Orc: D:9-12

Altars:
Ashenzari
Cheibriados
Dithmenos
Elyvilon
Fedhas
Gozag
Makhleb
Nemelex Xobeh
Okawaru
Qazlal
Ru
Sif Muna
Uskayaw
Vehumet
Wu Jian
Xom
Yredelemnul
Zin
The Shining One

Shops:
D:7 (

Annotations:
D:9 fire giant!


Innate Abilities, Weirdness & Mutations

You have a pair of horns on your head.


Message History

Casting: Sticky Flame
Confirm with . or Enter, or press ? or * to list all spells.
Aiming: Conjure Flame
Press: ? - help, Dir - move target cursor, p - minotaur You feel a strong surge of power!
The fire ignites!
Casting: Conjure Flame
Confirm with . or Enter, or press ? or * to list all spells.
Aiming: Sticky Flame
Press: ? - help, Shift-Dir - straight line, f - minotaur
Aim: a minotaur, wielding a staff of fire (flame, moderately wounded)
You feel a strong surge of power!
The sticky flame hits the minotaur.
The minotaur resists.
The minotaur is moderately wounded.
The minotaur is covered in liquid flames!
The minotaur burns!
The minotaur is engulfed in blazing flames.
The minotaur hits you with a staff of fire!
* * * LOW HITPOINT WARNING * * *
The minotaur burns you!
You die...

▓.. #
▓. #
▓.# ▓
▓.#
.###
▓...#
#.# ▓
#@# ▓
#H#
▓.#.#
▓.#.# #
.....#
▓##.###
...#
▓.###
▓.<...#


You could see a minotaur (burning).

Vanquished Creatures
  A two-headed ogre (D:8)
  An unseen horror (D:9)
  A spiny frog (Lair:1)
  3 hippogriffs (D:8)
  A spriggan (D:8)
  A water moccasin (D:9)
  3 porcupines (D:9)
  4 black bears
  An ice beast (D:8)
  A phantom (D:6)
  An orc warrior (D:6)
  3 sky beasts
  An eye of draining (D:9)
  An ogre (D:4)
  A crocodile (D:9)
  3 centaurs (D:9)
  8 bullfrogs
  A wyvern skeleton (D:7)
  6 scorpions
  3 wights (D:9)
  A howler monkey (D:3)
  A quasit (D:9)
  3 hounds
  2 orc priests
  9 worker ants
  Jessica (D:3)
  5 orc wizards
  2 hound skeletons
  2 worker ant zombies
  6 adders
  2 shadow imps
  A howler monkey simulacrum (D:9)
  A worm (D:2)
  7 leopard geckos
  22 orcs
  3 ball pythons
  3 giant cockroaches
  6 goblins
  2 hobgoblins
  3 jackals (D:3)
  3 quokkas
  7 bats
  6 frilled lizards
  A giant cockroach zombie (D:5)
  6 kobolds
  A leopard gecko skeleton (D:7)
  A leopard gecko zombie (D:6)
  10 rats
162 creatures vanquished.

Vanquished Creatures (others)
  A quokka skeleton (D:4)
  8 fungi
9 creatures vanquished.

Grand Total: 171 creatures vanquished

Notes
Turn   | Place    | Note
-------+----------+-------------------------------------------
     0 | D:1      | tilp the Hill Orc Fire Elementalist began the quest for the Orb.
     0 | D:1      | Reached XP level 1. HP: 14/14 MP: 3/3
    95 | D:1      | Reached XP level 2. HP: 20/20 MP: 5/5
   878 | D:2      | Learned a level 2 spell: Throw Flame
  1030 | D:2      | Reached XP level 3. HP: 26/26 MP: 4/6
  1035 | D:2      | Learned a level 3 spell: Conjure Flame
  1772 | D:3      | Reached XP level 4. HP: 33/33 MP: 7/7
  1814 | D:3      | Noticed Jessica
  1832 | D:3      | Killed Jessica
  1934 | D:3      | Reached skill level 4 in Fire Magic
  1934 | D:3      | Reached XP level 5. HP: 38/38 MP: 3/8
  2298 | D:4      | Noticed an ogre
  2836 | D:4      | Killed an ogre
  2836 | D:4      | Reached skill level 5 in Fire Magic
  2836 | D:4      | Reached XP level 6. HP: 45/45 MP: 1/9
  3219 | D:4      | Learned a level 3 spell: Inner Flame
  3228 | D:4      | Learned a level 1 spell: Animate Skeleton
  3230 | D:4      | Learned a level 1 spell: Confusing Touch
  3232 | D:4      | Learned a level 1 spell: Apportation
  3421 | D:4      | Found a white marble altar of Elyvilon.
  3512 | D:4      | Reached skill level 5 in Dodging
  3512 | D:4      | Reached XP level 7. HP: 35/66 MP: 9/17
  3694 | D:4      | Found a stormy altar of Qazlal.
  3694 | D:4      | Found an ornate altar of the Wu Jian Council.
  3720 | D:4      | Learned a level 4 spell: Sticky Flame
  3726 | D:4      | Learned a level 5 spell: Fireball
  3812 | D:5      | Entered Level 5 of the Dungeon
  4081 | D:5      | Reached XP level 8. HP: 73/73 MP: 9/18
  4736 | D:6      | Reached skill level 5 in Conjurations
  4882 | D:6      | Reached skill level 6 in Fire Magic
  5248 | D:6      | You fall through a shaft!
  5278 | D:7      | Found a burning altar of Makhleb.
  5348 | D:7      | Found Mijaj's Antique Weapon Shoppe.
  5358 | D:7      | Bought an encrusted quarterstaff for 252 gold pieces
  5363 | D:7      | Identified the +8 quarterstaff of Distraction {flame, rPois} (You bought it in a shop on level 7 of the Dungeon)
  5575 | D:6      | Found a staircase to the Ecumenical Temple.
  5581 | Temple   | Entered the Ecumenical Temple
  5586 | Temple   | Became a worshipper of Warmaster Okawaru
  5627 | D:6      | Found a deep blue altar of Sif Muna.
  6148 | D:7      | Found a stormy altar of Qazlal.
  6549 | D:7      | Reached * piety under Okawaru
  6549 | D:7      | Reached XP level 9. HP: 79/79 MP: 15/19
  6689 | D:8      | Reached skill level 7 in Fire Magic
  6844 | D:8      | Reached ** piety under Okawaru
  6933 | D:8      | Noticed a two-headed ogre
  6945 | D:8      | Killed a two-headed ogre
  6945 | D:8      | Reached skill level 8 in Fire Magic
  7247 | D:8      | Reached XP level 10. HP: 86/86 MP: 10/20
  7559 | D:9      | HP: 4/86 [bullfrog (8)]
  7784 | D:9      | Found a staircase to the Lair.
  7797 | D:9      | Reached *** piety under Okawaru
  7808 | D:9      | Reached skill level 9 in Fire Magic
  8432 | D:9      | Found a snail-covered altar of Cheibriados.
  8432 | D:9      | Noticed an unseen horror
  8433 | D:9      | Found an ornate altar of the Wu Jian Council.
  8437 | D:9      | Killed an unseen horror
  8437 | D:9      | Reached **** piety under Okawaru
  8453 | D:9      | Noticed a fire giant
  8566 | D:9      | Gained mutation: You have a pair of small horns on your head. [mutagenic meat]
  8567 | D:9      | Gained mutation: You have a pair of horns on your head. [mutagenic meat]
  8739 | Lair:1   | Entered Level 1 of the Lair of Beasts
  8745 | Lair:1   | Noticed a spiny frog
  8759 | Lair:1   | Killed a spiny frog
  8769 | Lair:1   | Found a labyrinth entrance.
  8786 | Lab      | Entered a labyrinth
  9027 | Lab      | Noticed a minotaur
  9039 | Lab      | HP: 1/86 [minotaur/staff of fire (14)]
  9039 | Lab      | Slain by a minotaur

Vault maps used:
D:1:      minmay_arrival_jagged
D:3:      first_bread, uniq_jessica
D:4:      elyvilon_altar_4, gammafunk_temple_overflow_wave
D:6:      minmay_temple_entry_enclosed_plants, led_sif_pool
D:7:      old_standard_altar, basic_altar, serial_shops, nicolae_shop_stone
D:8:      the_bakery
D:9:      grunt_temple_overflow_diamond, due_lair_maze_entry_diamond,
          serial_shops, shop, jmf_multi_god_temple
Temple:   minmay_freezing_vapour_temple
Lair:1:   lab_entry_generic
Lab:      labyrinth_glass_1, nicolae_lab_arrow, nicolae_lab_t_cross,
          labyrinth_lava_lair, nicolae_lab_do_over, nicolae_lab_flowing_pool,
          nicolae_lab_checkerboard, nicolae_lab_hexagon,
          labyrinth_skeletal_remains, nicolae_lab_statue

Skill      XL: |  1  2  3  4  5  6  7  8  9 10 |
---------------+-------------------------------+-----
Spellcasting   | 2 7 |  7.2
Conjurations   | 2 3 4 5 7 8 |  8.8
Fire Magic     | 4 5 6 8 9 |  9.8
Fighting       | 7 |  7.2
Dodging        | 5 |  5.3
Stealth        | |  1.5

Action                   |  1- 3 |  4- 6 |  7- 9 | 10-12 || total
-------------------------+-------+-------+-------+-------++-------
Melee: Dagger            |    92 |    97 |   145 |       ||   334
       Quarterstaff      |       |       |    66 |    73 ||   139
Throw: Javelin           |     4 |     4 |       |       ||     8
 Cast: Flame Tongue      |     8 |    30 |    88 |    35 ||   161
       Throw Flame       |     3 |     6 |     8 |    13 ||    30
       Conjure Flame     |       |     1 |    10 |     6 ||    17
       Sticky Flame      |       |       |     2 |     8 ||    10
Invok: Heroism           |       |       |       |     1 ||     1
Evoke: Wand              |       |     1 |       |       ||     1
  Use: Potion            |       |     4 |       |     3 ||     7
       Scroll            |       |     8 |     1 |    10 ||    19
 Stab: Sleeping          |     3 |       |     2 |       ||     5
  Eat: Chunk             |     3 |     6 |     8 |     7 ||    24
       Meat ration       |       |       |     1 |     1 ||     2
Armor: Robe              |    18 |    16 |    27 |    11 ||    72
Dodge: Dodged            |    68 |    62 |   113 |    61 ||   304
Block: Buckler           |       |     4 |    11 |       ||    15
